 Dungeon Crawl Stone Soup version 0.27.1-34-g3ba077fa99 (webtiles) character file.

Game seed: 15073207689178730775

315 sankara the Ruffian (level 6, -3/47 HPs)
             Began as a Minotaur Transmuter on Jan 22, 2022.
             Succumbed to Sigmund's poison
             ... on level 3 of the Dungeon.
             The game lasted 00:05:40 (3244 turns).

sankara the Ruffian (Minotaur Transmuter)           Turns: 3244, Time: 00:05:41

Health: -3/47      AC:  2    Str: 15    XL:     6   Next: 19%
Magic:  5/7        EV: 19    Int: 10    God:
Gold:   52         SH:  0    Dex: 17    Spells: 2/8 levels left

rFire    . . .     SeeInvis .     - Unarmed
rCold    . . .     Faith    .   (shield currently unavailable)
rNeg     . . .     Spirit   .   (armour currently unavailable)
rPois    x         Reflect  .   (helmet currently unavailable)
rElec    .         Harm     .   (cloak currently unavailable)
rCorr    .         Rampage  .   (gloves currently unavailable)
Will     .....                  (boots currently unavailable)
Stlth    ++........             (no amulet)
HPRegen  0.15/turn              (no ring)
MPRegen  0.10/turn              (no ring)

@: lethally poisoned (-3 -> -58), spider-form (expiring)
A: venomous fangs, tiny, (horns 2), (retaliatory headbutt)
a: End Transformation


You were on level 3 of the Dungeon.
You were a venomous arachnid creature.
You visited 1 branch of the dungeon, and saw 3 of its levels.

You collected 52 gold pieces.

Inventory:

Hand Weapons
 b - a +6 hunting sling (melded)
Missiles
 n - 39 stones
Armour
 a - a +0 robe (melded)
 k - a +0 pair of gloves (melded)
Wands
 l - a wand of digging (7)
Scrolls
 c - 2 scrolls of amnesia {unknown}
 e - 2 scrolls of blinking {unknown}
 g - 4 scrolls of identify {unknown}
 h - a scroll of teleportation {unknown}
 m - 3 scrolls of enchant weapon {unknown}
Potions
 d - a potion of resistance {unknown}
 f - a potion of invisibility {unknown}
 i - a potion of haste {unknown}
 j - a potion of berserk rage {unknown}


   Skills:
 - Level 1.2 Fighting
 + Level 1.6 Slings
 - Level 2.1 Dodging
 + Level 5.0 Unarmed Combat
 - Level 1.5 Spellcasting
 * Level 3.6 Transmutations
 * Level 1.8 Poison Magic


You had 2 spell levels left.
You knew the following spells:

 Your Spells              Type           Power      Damage    Failure   Level
a - Beastly Appendage     Tmut           16%        N/A       21%         1
b - Wereblood             Tmut           8%         N/A       26%         2
c - Spider Form           Tmut/Pois      3%         N/A       54%         3

Your spell library contained the following spells:

 Spells                   Type           Power      Damage    Failure   Level
 Ice Form                 Ice/Tmut       4%         N/A       94%         4


Dungeon Overview and Level Annotations

Branches:
Dungeon (3/15)

Altars:
Dithmenos
Sif Muna
Zin

Shops:
D:2 [

Annotations:
D:3 Sigmund


Innate Abilities, Weirdness & Mutations

You are a venomous arachnid creature.
You have poisonous fangs.
You are tiny and dextrous.
Your spellcasting is less reliable in this form.
Your armour is entirely melded.
You are incapable of wielding weapons or throwing items.
((You have a pair of horns on your head.))
((You reflexively headbutt those who attack you in melee.))


Message History

Your +6 hunting sling unmelds from your body.
Your +0 pair of gloves unmelds from your body.
Your +0 robe unmelds from your body.
You start resting.
Magic restored.
You start resting.
HP restored.
Casting: Spider Form (quite dangerous; 32% risk of failure)
Confirm with . or Enter, or press ? or * to list all spells.
The spell is quite dangerous to cast (32% risk of failure)!
Continue anyway?
You turn into a venomous arachnid creature.
Your +6 hunting sling melds into your body.
Your +0 pair of gloves melds into your body.
Your +0 robe melds into your body.
Your transformation is almost over.
You climb downwards.
Level annotation: Sigmund Sigmund gestures at you while chanting.
You resist with some effort.
There is a stone staircase leading up here.
Sigmund gestures wildly while chanting.
Sigmund flickers and vanishes!
Deactivating autopickup; reactivate with Ctrl-A.
You closely miss something. You closely miss something.
You hear some strange, mumbled words.
A puff of flame appears from out of thin air!
The puff of flame misses you.
You barely miss something. Something hits you!
You are lethally poisoned!
You hit something.
You feel extremely sick.
You hear some strange, mumbled words.
Something tries to affect you, but you resist.
You hit something.
You feel very sick. Something hits you!
* * * LOW HITPOINT WARNING * * *
You are more poisoned.
You die...

##..# ##.## .#...# #.#
#...#.#####.# #...#.......#
#>.......##.# .. #........#..# .
............####
#..#....#.............#######
......#........s<###.#)..#.####
#............{.......#........#
#.....#..........###..........#
##.....########.#.#####........##
#......# #.#.............###
#.#....### #.#...##.......##..
.........######....###...#.###...
#.........#.....##.##..#.#.##....
#...##.##...........>.##.####...≈


There were no monsters in sight!

Vanquished Creatures
  Grinder (D:3)
  Jessica (D:2)
  Terence (D:3)
  A dart slug (D:1)
  7 bats
  6 endoplasms
  9 giant cockroaches
  7 goblins
  3 hobgoblins
  3 jackals (D:2)
  3 quokkas
  5 ball pythons
  2 frilled lizards
  5 kobolds
  7 rats
61 creatures vanquished.

Vanquished Creatures (others)
  4 fungi (D:3)
4 creatures vanquished.

Grand Total: 65 creatures vanquished

Notes
Turn   | Place    | Note
-------+----------+-------------------------------------------
     0 | D:1      | sankara the Minotaur Transmuter began the quest for the
                  | Orb.
     0 | D:1      | Reached XP level 1. HP: 16/16 MP: 1/1
   305 | D:1      | Reached XP level 2. HP: 20/23 MP: 3/3
   348 | D:1      | Learned a level 2 spell: Wereblood
  1122 | D:1      | Reached skill level 4 in Unarmed Combat
  1395 | D:2      | Reached XP level 3. HP: 28/28 MP: 2/4
  1638 | D:2      | Found Lul Bete's Antique Armour Boutique.
  1985 | D:2      | Noticed Jessica
  1994 | D:2      | Killed Jessica
  1995 | D:2      | Reached XP level 4. HP: 24/35 MP: 3/5
  2004 | D:2      | Learned a level 3 spell: Spider Form
  2466 | D:3      | Found a shadowy altar of Dithmenos.
  2466 | D:3      | Noticed Grinder
  2496 | D:3      | Killed Grinder
  2497 | D:3      | Reached skill level 1 in Slings
  2497 | D:3      | Reached skill level 1 in Poison Magic
  2497 | D:3      | Reached XP level 5. HP: 8/40 MP: 2/6
  2497 | D:3      | Reached XP level 6. HP: 9/47 MP: 2/7
  2789 | D:3      | Noticed Terence
  2794 | D:3      | Killed Terence
  2795 | D:3      | Reached skill level 5 in Unarmed Combat
  2796 | D:3      | Found a shimmering blue altar of Sif Muna.
  2839 | D:3      | Found a glowing silver altar of Zin.
  2876 | D:3      | Noticed Sigmund
  3244 | D:3      | Succumbed to Sigmund's poison

Illustrated notes

Levels and vault maps discovered:
D:1:      tarquinn_simple_flora_water_d, layout_basic, st_stairs_1
D:2:      minmay_roachtagon, layout_basic, serial_shops, shop,
          palyth_stone_intersect, minmay_tetromino_t4, uniq_jessica
D:3:      layout_rooms, mainiacjoe_overflow_small_starburst, tgw_sif,
          mainiacjoe_overflow_chevrons, chequers_ecumenical_altar_lobes,
          kennysheep_generic_room_8, uniq_grinder, uniq_sigmund,
          uniq_crazy_yiuf_cottage, uniq_terence, uniq_ijyb

Skill      XL: |  1  2  3  4  5  6 |
---------------+-------------------+-----
Transmutations | 2 3 |  3.6
Unarmed Combat | 4 5 |  5.0
Slings         | 1 |  1.6
Poison Magic   | 1 |  1.8
Fighting       | |  1.2
Dodging        | |  2.1
Spellcasting   | |  1.5

Action                   |  1- 3 |  4- 6 || total
-------------------------+-------+-------++-------
Melee: Unarmed           |    79 |    32 ||   111
       Headbutt          |     6 |     4 ||    10
       Kick              |    12 |     4 ||    16
       Hunting sling     |       |     1 ||     1
 Fire: Hunting sling     |       |    23 ||    23
 Cast: Beastly Appendage |    26 |     3 ||    29
       Spider Form       |       |     4 ||     4
 Stab: Sleeping          |     2 |       ||     2
Armor: Robe              |     6 |     6 ||    12
Dodge: Dodged            |    59 |    23 ||    82
